 Dungeon Crawl Stone Soup version 0.31.0-32-g396128a36d (webtiles) character file.

Game seed: 1053703423520063352

5439 AdnanSaban the Basher (level 10, -7/64 HPs)
             Began as a Gargoyle Fighter on Apr 18, 2024.
             Was a Priest of Okawaru.
             Mangled by Urug
             ... wielding a +4 great mace
              (13 damage)
             ... on level 10 of the Dungeon.
             The game lasted 00:12:09 (8560 turns).

AdnanSaban the Basher (Gargoyle Fighter)            Turns: 8560, Time: 00:12:10

Health: -7/64      AC: 35    Str: 25    XL:     10   Next: 68%
Magic:  8/10       EV:  9    Int:  8    God:    Okawaru [***...]
Gold:   652        SH:  6    Dex:  9    Spells: 9/9 levels left

rFire   + + .        y - +2 flail (protect)
rCold   + . .        c - +0 buckler
rNeg    + . .        L - +0 plate armour
rPois   ∞            B - +0 helmet
rElec   +            o - scarf {rC+ rF+}
rCorr   +            (no gloves)
SInv    .            G - +2 pair of boots {rampage}
Will    .....        H - amulet of regeneration Stlth
                     w - ring of resist corrosion
HPRegen 1.10/turn    J - ring of protection from fire
MPRegen 0.12/turn

%: rampage
@: heroic, under a protective aura
A: sickness immunity, AC +7, negative energy resistance 1, electricity
resistance, torment resistance 1, petrification resistance
a: Renounce Religion, Heroism


You were on level 10 of the Dungeon.
You worshipped Okawaru.
Okawaru was most pleased with you.
You visited 2 branches of the dungeon, and saw 11 of its levels.

You collected 652 gold pieces.

Inventory:

Hand Weapons
 y - a +2 flail of protection (weapon)
Missiles
 a - 11 boomerangs
 m - 11 poisoned darts (quivered)
Armour
 c - a +0 buckler (worn)
 o - a scarf of resistance (worn)
 B - a +0 helmet (worn)
 G - a +2 pair of boots of rampaging (worn)
 L - a +0 plate armour (worn)
Jewellery
 w - a ring of resist corrosion (left hand)
 H - an amulet of regeneration (around neck)
 J - a ring of protection from fire (right hand)
Wands
 q - a wand of flame (22)
 E - a wand of roots (7)
 K - a wand of polymorph (6)
Scrolls
 g - 4 scrolls of immolation {unknown}
 h - 10 scrolls of identify {unknown}
 i - 2 scrolls of butterflies {unknown}
 p - 4 scrolls of revelation {unknown}
 r - 2 scrolls of noise {unknown}
 u - 3 scrolls of teleportation {unknown}
 x - 3 scrolls of amnesia {unknown}
 A - a scroll of enchant armour {unknown}
 C - a scroll of fear {unknown}
 D - 2 scrolls of torment {unknown}
Potions
 d - 2 potions of might
 e - 2 potions of curing {unknown}
 f - 3 potions of attraction {unknown}
 j - a potion of lignification {unknown}
 k - 4 potions of haste {unknown}
 l - 2 potions of invisibility {unknown}
 n - a potion of cancellation {unknown}
 s - 2 potions of berserk rage {unknown}
 t - a potion of ambrosia {unknown}
 v - 3 potions of magic {unknown}
 z - a potion of enlightenment {unknown}
 F - a potion of heal wounds {unknown}
 I - a potion of mutation {unknown}


   Skills:
 + Level 7.7(12.7) Fighting
 + Level 10.3(15.3) Maces & Flails
 + Level 2.5(7.5) Throwing
 + Level 7.5(12.5) Armour
 + Level 3.7(8.7) Dodging
 + Level 1.3(6.3) Stealth
 + Level 6.7(11.7) Shields


You had 9 spell levels left.
You didn't know any spells.
Your spell library contained the following spells:

 Spells                   Type           Power      Damage    Failure   Level
 Fugue of the Fallen      Necr           0%         N/A       100%        3
 Ozocubu's Armour         Ice            0%         N/A       100%        3
 Manifold Assault         Tloc           0%         N/A       100%        4
 Vhi's Electric Charge    Tloc/Air       0%         N/A       100%        4
 Arcjolt                  Conj/Air       0%         1d10      100%        5
 Plasma Beam              Fire/Air       0%         2x1d10    100%        6
 Summon Small Mammal      Summ           Unusable   N/A       N/A         1
 Call Canine Familiar     Summ           Unusable   N/A       N/A         3
 Summon Blazeheart Golem  Fire/Summ      Unusable   N/A       N/A         4

Dungeon Overview and Level Annotations

Branches:
Dungeon (10/15)            Temple (1/1) D:6            Lair (0/5) D:9
    Orc: D:9-12

Altars:
Ashenzari
Dithmenos
Elyvilon
Fedhas
Gozag
Hepliaklqana
Makhleb
Nemelex Xobeh
Okawaru
Qazlal
Ru
Sif Muna
Trog
Uskayaw
Wu Jian
Xom
Yredelemnul
Zin

Shops:
D:9 ?

Annotations:
D:5 2 transporters, CaptainMV's ghost, novice DsWn
D:7 2 transporters
D:8 Jeremiah
D:10 Urug


Innate Abilities, Weirdness & Mutations

You are immune to sickness and miasma.
Your stone body is resilient. (AC +7)
You are immune to poison.
You resist negative energy. (rN+)
You are resistant to electric shocks. (rElec)
You are resistant to unholy torment.
You are immune to petrification.


Message History

You throw a poisoned dart. The poisoned dart hits Urug.
Urug looks even sicker.
Urug is lightly wounded.
You throw a poisoned dart. The poisoned dart barely misses Urug.
You throw a poisoned dart. The poisoned dart barely misses Urug.
You hit Urug but do no damage.
Your weapon exudes an aura of protection.
Urug is lightly wounded.
Urug hits you with a +4 great mace!
You thump Urug!
Urug is moderately wounded.
You block Urug's attack.
You barely miss Urug.
Urug is moderately wounded.
Urug hits you with a +4 great mace!
You closely miss Urug.
Urug is moderately wounded.
Urug barely misses you.
You hit Urug but do no damage.
Urug is moderately wounded.
You gain the combat prowess of a mighty hero.
Urug hits you but does no damage.
You closely miss Urug.
Urug is moderately wounded.
A wraith comes into view.
Urug hits you with a +4 great mace!!
* * * LOW HITPOINT WARNING * * *
You completely miss Urug.
Urug is moderately wounded.
Urug hits you with a +4 great mace!
* * * LOW HITPOINT WARNING * * *
You hit Urug.
Urug is moderately wounded.
Urug hits you but does no damage.
You hit Urug.
Urug is moderately wounded.
You hit Urug.
Urug is heavily wounded.
Urug looks more healthy.
Urug hits you with a +4 great mace!
You die...
Urug says, "One more harpy dead."

##............###..........
.....((....................
...........................
.....W.(###................
#......†...................
###.........#..............
##..)...##......>..#....#
#........o....##.....<..##
###......@.######.#......#
####.##### ##.........##
### #........### #>.#....##
#...#.#.# ##.###### ###


You could see Urug and a wraith.

Vanquished Creatures
  Pikel (D:8)
  Maggie (D:6)
  Psyche (D:8)
  Prince Ribbit (D:5)
  A hornet (D:8)
  Grinder (D:6)
  Sigmund (D:4)
  A shadow (D:9)
  3 wyverns
  Edmund (D:5)
  2 steam dragons
  A water moccasin (D:8)
  Duvessa (D:6)
  A sky beast (D:7)
  2 black bears
  An ice beast (D:7)
  2 orc warriors (D:9)
  4 lemures (D:8)
  3 centaurs
  2 kobold brigands
  A gnoll sergeant (D:6)
  4 bullfrogs (D:7)
  2 scorpions
  Dowan (D:6)
  5 wights (D:9)
  An electric eel (D:6)
  3 jellies
  A bombardier beetle (D:5)
  2 hounds
  2 orc priests
  4 iguanas
  A sleepcap (D:7)
  3 orc wizards
  3 killer bee zombies (D:8)
  An ogre zombie (D:8)
  A mummy (D:8)
  5 gnolls (D:6)
  14 adders
  A shadow imp (D:6)
  4 white imps
  A ribbon worm (D:4)
  3 dart slugs
  22 orcs
  3 bats
  6 endoplasms
  4 giant cockroaches
  4 goblins
  3 hobgoblins
  5 jackals
  A quokka (D:4)
  9 ball pythons
  4 frilled lizards
  13 kobolds
  7 rats
175 creatures vanquished.

Vanquished Creatures (others)
  3 kobolds (D:8)
3 creatures vanquished.

Grand Total: 178 creatures vanquished

Notes
Turn   | Place    | Note
-------+----------+-------------------------------------------
     0 | D:1      | AdnanSaban the Gargoyle Fighter began the quest for the
                  | Orb.
     0 | D:1      | Reached XP level 1. HP: 14/14 MP: 1/1
   231 | D:1      | Reached XP level 2. HP: 19/19 MP: 2/2
   519 | D:2      | Reached XP level 3. HP: 24/24 MP: 3/3
   600 | D:2      | You fall into a shaft and drop 2 floors!
   625 | D:4      | Reached XP level 4. HP: 28/29 MP: 4/4
   823 | D:2      | Noticed Sigmund
   920 | D:2      | Reached skill level 3 in Maces & Flails
  1464 | D:3      | Reached XP level 5. HP: 28/33 MP: 5/5
  2493 | D:4      | Reached skill level 4 in Maces & Flails
  2493 | D:4      | Reached skill level 1 in Dodging
  2593 | D:4      | Found a broken altar of Ashenzari.
  2598 | D:4      | Reached XP level 6. HP: 38/39 MP: 6/6
  2620 | D:4      | Identified the +3 ring mail of Cimic {rC- Str-5 Dex+6
                  | Slay+6}
  3034 | D:4      | HP: 1/39 [Sigmund/magic dart (4)]
  3285 | D:4      | Killed Sigmund
  3316 | D:5      | Entered Level 5 of the Dungeon
  3329 | D:5      | Reached XP level 7. HP: 16/44 MP: 7/7
  3459 | D:5      | Reached skill level 5 in Maces & Flails
  3532 | D:5      | Reached skill level 5 in Armour
  3651 | D:5      | Found a transporter.
  3651 | D:5      | Identified the +10 great mace of the Eternal Void {spect,
                  | +Blink}
  3651 | D:5      | Noticed CaptainMV's ghost (novice DsWn)
  3783 | D:5      | Found a transporter.
  4263 | D:5      | Reached skill level 5 in Shields
  4263 | D:5      | Reached XP level 8. HP: 39/48 MP: 8/8
  4303 | D:6      | Found a sacrificial altar of Ru.
  4470 | D:6      | Noticed Edmund
  4471 | D:6      | Noticed Grinder
  4529 | D:5      | Killed Edmund
  4530 | D:5      | Reached skill level 5 in Fighting
  4530 | D:5      | Reached skill level 6 in Maces & Flails
  4530 | D:5      | Reached skill level 1 in Stealth
  4588 | D:6      | Paralysed by Grinder for 4 turns
  4604 | D:6      | Paralysed by Grinder for 3 turns
  4611 | D:6      | Paralysed by Grinder for 4 turns
  4618 | D:6      | Killed Grinder
  4619 | D:6      | Reached skill level 1 in Throwing
  4664 | D:6      | Noticed Duvessa
  4666 | D:6      | Noticed Dowan
  4675 | D:6      | Killed Duvessa
  4698 | D:6      | Killed Dowan
  4937 | D:6      | Noticed Prince Ribbit
  4948 | D:6      | Noticed Maggie
  4993 | D:5      | Killed Prince Ribbit
  4994 | D:5      | Reached skill level 7 in Maces & Flails
  4994 | D:5      | Reached XP level 9. HP: 20/54 MP: 9/9
  5150 | D:6      | Found a staircase to the Ecumenical Temple.
  5185 | D:6      | Killed Maggie
  5841 | Temple   | Entered the Ecumenical Temple
  5850 | Temple   | Became a worshipper of Warmaster Okawaru
  5880 | D:6      | Found a white marble altar of Elyvilon.
  6015 | D:7      | Reached skill level 8 in Maces & Flails
  6086 | D:7      | Found a transporter.
  6312 | D:7      | Reached * piety under Okawaru
  6364 | D:7      | Found a transporter.
  6516 | D:8      | Noticed Jeremiah
  6732 | D:8      | Noticed Psyche
  6746 | D:8      | Noticed Pikel
  6958 | D:8      | Reached XP level 10. HP: 56/61 MP: 10/10
  7055 | D:8      | Killed Psyche
  7055 | D:8      | Reached ** piety under Okawaru
  7056 | D:8      | Reached skill level 9 in Maces & Flails
  7067 | D:8      | Killed Pikel
  7259 | D:8      | Reached *** piety under Okawaru
  7308 | D:8      | Found a shimmering blue altar of Sif Muna.
  7831 | D:9      | Found a staircase to the Lair.
  7986 | D:9      | Found Mediz's Magic Scroll Boutique.
  8095 | D:9      | Reached skill level 10 in Maces & Flails
  8510 | D:10     | Entered Level 10 of the Dungeon
  8539 | D:10     | Noticed Urug
  8560 | D:10     | Mangled by Urug

Illustrated notes

Levels and vault maps discovered:
D:1:      minmay_arrival_doors, layout_rooms
D:2:      layout_basic, minmay_distorted, uniq_sigmund
D:3:      layout_basic, portal_sewer_entry_a, minmay_pentangle
D:4:      layout_layer_cave, amcnicky_altar_gilded
D:5:      layout_rooms, gammafunk_ghost_smash
D:6:      layout_basic, nicolae_elyvilon_temple_path,
          nicolae_ru_great_annihilating_truth, temple_statues, uniq_maggie,
          uniq_grinder, uniq_edmund, uniq_prince_ribbit1, uniq_duvessa
D:7:      gammafunk_cloud_chamber, layout_rooms
D:8:      layout_basic, lemuel_blue_sif_altar, minmay_mini_ossuary,
          uniq_jeremiah, uniq_pikel, uniq_psyche
D:9:      layout_roguey, dpeg_oklobed_lair, serial_shops,
          nicolae_shop_getting_attention, minmay_misc_feat_iff
D:10:     layout_cave_pools, grunt_temple_overflow_cloverleaf,
          nicolae_shop_clearance, uniq_urug, uniq_lodul
Temple:   nicolae_temple_great_sept

Skill      XL: |  1  2  3  4  5  6  7  8  9 10 |
---------------+-------------------------------+-----
Fighting       | 4 5 6 7 |  7.7
Maces & Flails | 3 4 5 7 8 10 | 10.3
Armour         | 4 5 6 7 |  7.5
Dodging        | 1 2 3 |  3.7
Shields        | 4 5 6 |  6.7
Stealth        | 1 |  1.3
Throwing       | 1 2 |  2.5

Action                     |  1- 3 |  4- 6 |  7- 9 | 10-12 || total
---------------------------+-------+-------+-------+-------++-------
  Melee: Flail             |    61 |   226 |   423 |   171 ||   881
  Throw: Dart              |       |     6 |    16 |    10 ||    32
         Boomerang         |       |       |    11 |       ||    11
 Invoke: Heroism           |       |       |       |     1 ||     1
   Stab: Paralysed         |       |       |     1 |       ||     1
 Armour: Scale mail        |    59 |   174 |   475 |    83 ||   791
         Plate armour      |       |       |       |    39 ||    39
         Skin              |       |       |       |    12 ||    12
  Dodge: Dodged            |    31 |   106 |   232 |    62 ||   431
  Block: Buckler           |    11 |    56 |   117 |    40 ||   224
